Map: [ESL] Oceanborn

Players

Nice

  • Race: Protoss Protoss
  • Spawn Location: 11:00

Firefly - Winner!

  • Race: Protoss Protoss
  • Spawn Location: 5:00

Event: ESL SC2 Masters 2023 Winter (Regional)

VOD

Have the link to the VOD?

Description

Time

  • Played on: Nov. 17, 2023, 6:16 a.m.
  • Length: 12:01

All games in this series

Show
View Real Time Build Order
Export as new Build Order

Nice Protoss 

Build Orders:  

Get SALT Encoding   

  12  0:00  Probe  
  13  0:12  Probe  
  14  0:18  Pylon  
  14  0:24  Probe (Chrono Boost)  
  15  0:37  Gateway  
  15  0:38  Probe (Chrono Boost)  
  16  0:43  Probe (Chrono Boost)  
  16  0:46  Assimilator  
  17  0:54  Probe (Chrono Boost)  
  17  0:56  Assimilator  
  18  1:03  Gateway  
  18  1:06  Probe (Chrono Boost)  
  19  1:15  Probe (Chrono Boost)  
  20  1:20  Probe  
  21  1:25  Cybernetics Core  
  21  1:33  Probe  
  21  1:39  Pylon  
  22  1:45  Probe  
  23  1:57  Probe  
  23  2:01  Sentry, Warp Gate (Chrono Boost)  
  24  2:02  Stalker  
  28  2:09  Pylon, Probe  
  29  2:17  Pylon  
  29  2:24  Stalker  
  31  2:32  Stalker  
  33  2:56  Nexus  
  33  3:05  Shield Battery  
  33  3:09  Pylon  
  33  3:10  Probe  
  34  3:22  Probe  
  34  3:25  Twilight Council  
  35  3:37  Adept x2  
  35  3:39  Probe  
  40  3:51  Probe  
  41  3:58  Adept  
  41  3:59  Adept  
  41  4:02  Blink (Chrono Boost)  
  45  4:03  Probe  
  46  4:10  Probe  
  45  4:22  Probe  
  44  4:25  Probe  
  44  4:30  Dark Shrine  
  43  4:35  Adept  
  43  4:36  Stalker  
  47  4:41  Robotics Facility  
  47  4:43  Shield Battery  
  47  4:48  Probe  
  47  4:50  Probe  
  49  4:57  Stalker  
  51  5:00  Probe  
  51  5:02  Probe  
  53  5:07  Pylon  
  53  5:13  Probe  
  54  5:24  Pylon  
  54  5:25  Probe x2  
  56  5:33  Observer  
  56  5:35  Assimilator  
  57  5:41  Pylon  
  57  5:42  Probe (Chrono Boost)  
  57  5:43  Dark Templar, Probe (Chrono Boost)  
  57  5:44  Dark Templar  
  55  5:55  Probe (Chrono Boost)  
  54  6:00  Pylon  
  54  6:01  Nexus, Forge  
  54  6:03  Probe x2 (Chrono Boost), Pylon  
  56  6:05  Charge  
  56  6:09  Probe  
  56  6:10  Warp Prism (Chrono Boost)  
  56  6:11  Probe  
  58  6:17  Sentry  
  62  6:19  Stalker  
  62  6:21  Probe  
  62  6:22  Protoss Ground Weapons Level 1 (Chrono Boost)  
  62  6:23  Probe  
  66  6:33  Shield Battery, Probe  
  66  6:35  Probe  
  66  6:38  Immortal  
  72  6:45  Probe, Stalker  
  72  6:46  Stalker  
  77  6:52  Probe  
  78  6:54  Pylon  
  78  7:03  Gateway x2  
  78  7:08  Gateway  
  78  7:09  Observer  
  78  7:10  Gateway  
  78  7:12  Probe  
  79  7:16  Stalker  
  79  7:18  Stalker  
  83  7:23  Probe  
  83  7:29  Probe  
  85  7:30  Probe  
  85  7:33  Gateway x2  
  85  7:34  Immortal (Chrono Boost)  
  90  7:41  Zealot x2  
  94  7:46  Templar Archives  
  94  7:52  Photon Cannon, Pylon  
  94  7:59  Zealot x2  
  94  8:03  Zealot  
  100  8:06  Pylon  
  100  8:13  Nexus  
  100  8:15  Protoss Ground Weapons Level 2 (Chrono Boost)  
  100  8:18  Zealot  
  100  8:19  Zealot  
  104  8:27  High Templar x2  
  104  8:28  Zealot x3  
  104  8:30  Zealot  
  104  8:31  Archon  
  116  8:38  Pylon  
  116  8:40  Pylon  
  116  8:41  Pylon  
  116  8:50  Warp Prism (Chrono Boost)  
  116  8:56  Zealot x5  
  116  8:58  High Templar  
  116  9:02  Archon  
  126  9:07  Pylon  
  126  9:09  Stalker x2  
  130  9:16  Pylon  
  129  9:20  Stalker x3  
  129  9:21  Zealot x2  
  139  9:37  Zealot x3  
  145  9:46  Stalker  
  139  9:55  Pylon  
  139  9:56  Pylon  
  139  9:57  Pylon  
  139  9:58  Pylon  
  139  9:59  Pylon  
  139  10:14  Stalker x2  
  139  10:16  Stalker x5  
  139  10:17  Stalker  
  153  10:28  Photon Cannon  
  153  10:29  Shield Battery  
  153  10:31  Pylon  
  153  10:32  Pylon  
  153  10:42  Zealot x8  
  169  10:50  Photon Cannon  
  169  10:51  Pylon  
  169  11:01  Observer  
  169  11:08  Zealot  
  169  11:09  Zealot x7  
  145  11:31  Zealot x8  
  93  11:52  Zealot x3  
  93  11:53  Zealot x5  
Show
View Real Time Build Order
Export as new Build Order

Firefly Protoss - Winner!

Build Orders: Phoenix Opening, Blink Stalkers 

Get SALT Encoding   

  12  0:00  Probe  
  13  0:12  Probe  
  14  0:17  Pylon  
  14  0:24  Probe  
  15  0:36  Gateway, Probe (Chrono Boost)  
  16  0:46  Probe (Chrono Boost)  
  16  0:47  Assimilator  
  17  0:51  Probe (Chrono Boost)  
  18  1:03  Probe (Chrono Boost)  
  19  1:04  Assimilator  
  19  1:08  Gateway  
  19  1:14  Probe (Chrono Boost)  
  20  1:19  Probe (Chrono Boost)  
  21  1:25  Cybernetics Core  
  21  1:31  Probe  
  22  1:34  Pylon  
  22  1:43  Probe  
  23  1:55  Probe  
  24  2:02  Warp Gate, Adept x2  
  28  2:12  Pylon  
  28  2:26  Pylon  
  28  2:31  Sentry  
  28  2:32  Sentry  
  32  2:42  Nexus  
  32  2:47  Shield Battery  
  32  2:50  Probe  
  35  3:02  Probe  
  34  3:06  Twilight Council  
  34  3:09  Sentry  
  36  3:14  Probe  
  36  3:16  Phoenix  
  36  3:17  Pylon  
  37  3:26  Probe  
  38  3:29  Blink (Chrono Boost), Phoenix  
  38  3:38  Probe  
  39  3:51  Stalker x2, Probe  
  44  3:59  Pylon  
  44  4:03  Probe  
  44  4:04  Probe  
  46  4:15  Probe  
  46  4:16  Stalker x2  
  47  4:23  Pylon  
  46  4:27  Probe  
  46  4:30  Probe  
  44  4:39  Probe, Stalker x2  
  44  4:44  Probe (Chrono Boost)  
  47  4:54  Phoenix  
  47  4:57  Probe (Chrono Boost)  
  47  5:01  Probe (Chrono Boost)  
  47  5:02  Stalker  
  47  5:03  Stalker  
  47  5:06  Probe (Chrono Boost)  
  53  5:10  Probe (Chrono Boost)  
  53  5:13  Nexus  
  55  5:26  Pylon  
  55  5:27  Stalker  
  56  5:29  Stalker  
  56  5:32  Probe  
  58  5:41  Probe  
  59  5:44  Probe  
  60  5:53  Probe  
  60  5:54  Robotics Facility  
  61  5:57  Pylon  
  61  5:59  Forge, Pylon  
  61  6:03  Pylon  
  61  6:08  Probe  
  62  6:15  Pylon  
  62  6:21  Phoenix  
  62  6:22  Probe  
  62  6:23  Probe  
  62  6:25  Assimilator, Probe  
  65  6:26  Protoss Ground Weapons Level 1 (Chrono Boost)  
  65  6:34  Probe  
  65  6:36  Gateway, Probe  
  65  6:37  Probe  
  65  6:38  Gateway  
  68  6:40  Pylon  
  68  6:42  Observer (Chrono Boost), Shield Battery  
  68  6:46  Probe  
  70  6:48  Probe  
  70  6:49  Probe  
  72  6:55  Charge  
  72  6:56  Sentry, Observer (Chrono Boost)  
  72  6:59  Probe  
  72  7:00  Probe  
  77  7:01  Probe  
  78  7:11  Gateway, Probe  
  78  7:12  Gateway, Probe  
  78  7:15  Gateway  
  80  7:17  Gateway, Probe  
  81  7:26  Photon Cannon  
  81  7:31  Templar Archives  
  81  7:32  Pylon  
  81  7:33  Photon Cannon  
  79  7:38  Stalker x2  
  79  7:43  Warp Prism  
  85  7:50  Photon Cannon  
  85  7:52  Shield Battery  
  85  7:53  Stalker  
  87  7:58  Assimilator  
  90  8:09  High Templar x2, Zealot x3  
  97  8:13  Archon  
  97  8:16  Protoss Ground Weapons Level 2 (Chrono Boost)  
  97  8:28  Zealot x3  
  103  8:35  Pylon  
  103  8:39  Nexus, Stalker  
  103  8:40  Pylon, Stalker  
  106  8:56  Zealot x6  
  118  9:03  Zealot  
  118  9:04  Zealot  
  118  9:07  Gateway  
  118  9:09  Gateway  
  122  9:17  High Templar x2  
  122  9:22  Archon  
  126  9:25  Zealot x6  
  138  9:44  Immortal  
  138  9:55  High Templar x3  
  138  9:56  Zealot x5  
  154  10:00  Archon  
  154  10:08  High Templar  
  156  10:16  Archon  
  156  10:21  Pylon  
  156  10:23  Pylon  
  156  10:25  Pylon  
  156  10:27  Pylon  
  156  10:30  Shield Battery  
  154  10:35  Shield Battery  
  154  10:37  Shield Battery  
  154  10:42  Sentry, Zealot x2  
  156  10:43  Zealot x7  
  156  10:49  Probe x3  
  177  10:50  Probe  
  177  10:51  Immortal (Chrono Boost)  
  182  11:04  Zealot x4  
  162  11:21  Stalker x3  
  162  11:22  Stalker x3  
  146  11:28  Zealot x4  
  112  11:46  Zealot x5  
  112  11:47  Zealot  
  110  11:49  Zealot x3  
  110  11:50  Zealot  
Tags
 
Add a new tag
Caveats
  • Supply blocks, unpowered buildings, or Contaminate may cause inaccurate times.
  • Supply counts are checked every 10 seconds.